AoeStats
← King_Llanes CT

Arena

505986430Analyzed
3v3 RM · 22d ago on Sep 11, 2026· 40m 41s· 6 players
Game mode
Random Map
Map size
Normal (6 player)
Population
200
Speed
Normal
Resources
Standard
Victory
Conquest
Starting age
Dark Age
Ending age
Imperial Age
RankedLock teamsTeams togetherTeam positionsShared explorationLock speedFull tech treeHidden civsTurbo modeCheats
Victory
Defeat
🇪🇸 Romans · Spain
1687
+8
🇪🇸 Khmer · Spain
1653
+9
🇪🇸 Celts · Spain
1598
+10
🇨🇴 Celts · Colombia
1516
-10
🇨🇴 Poles · Colombia
1474
-9
🇨🇱 Goths · Chile
1460
-8
AiM | ajimenezacosta6
6:35 Loom
8:46 Feudal Age
9:51 Double-Bit Axe
10:24 Horse Collar
20:48 Castle Age
21:59 Heavy Plow
22:18 Bow Saw
23:32 Wheelbarrow
25:17 Szlachta Privileges
27:33 Hand Cart
28:03 Gold Mining
32:39 Imperial Age
30:40 Bloodlines
30:31 Husbandry
30:39 Scale Barding Armor
30:45 Forging
31:45 Fletching
32:47 Chain Barding Armor
33:03 Iron Casting
33:01 Cavalier
37:09 Conscription
AiM | TheBlackMamba
10:03 Feudal Age
14:42 Castle Age
12:43 Double-Bit Axe
20:06 Pikeman
21:22 Horse Collar
23:21 Squires
23:32 Scale Mail Armor
23:20 Loom
25:17 Chain Mail Armor
25:13 Forging
26:38 Forging
29:34 Iron Casting
29:29 Anarchy
30:10 Fletching
34:47 Imperial Age
33:05 Bow Saw
32:59 Gold Mining
33:33 Bodkin Arrow
34:53 Wheelbarrow
35:53 Man-at-Arms
35:54 Halberdier
36:42 Long Swordsman
37:53 Hand Cart
37:33 Two-Handed Swordsman
39:49 Two-Man Saw
39:09 Bracer
38:53 Champion
42:16 Blast Furnace
ELEG | Lucho
9:54 Feudal Age
9:23 Loom
13:57 Castle Age
12:52 Double-Bit Axe
21:52 Town Watch
23:17 Wheelbarrow
24:34 Bow Saw
25:06 Horse Collar
25:51 Gold Mining
25:54 Stone Mining
27:38 Hand Cart
27:18 Pikeman
32:17 Imperial Age
31:15 Gambesons
31:22 Fletching
32:27 Bodkin Arrow
32:42 Scale Mail Armor
32:52 Forging
34:00 Conscription
33:03 Man-at-Arms
33:29 Arson
34:46 Ballistics
33:52 Long Swordsman
35:40 Siege Engineers
36:39 Stone Shaft Mining
37:10 Heavy Plow
38:01 Chain Mail Armor
37:56 Forging
38:10 Murder Holes
Tales de Paleto
8:55 Feudal Age
11:51 Double-Bit Axe
13:25 Horse Collar
19:25 Castle Age
19:36 Gold Mining
20:23 Wheelbarrow
19:34 Light Cavalry
20:22 Scale Barding Armor
22:08 Bloodlines
24:07 Bow Saw
23:58 Heavy Plow
26:17 Forging
26:42 Husbandry
30:11 Gold Shaft Mining
30:35 Hand Cart
30:06 Loom
35:04 Imperial Age
33:24 Chain Barding Armor
33:59 Iron Casting
37:04 Blast Furnace
36:26 Elite Battle Elephant
38:10 Plate Barding Armor
38:46 Tusk Swords
39:06 Conscription
King_Llanes CT
11:41 Feudal Age
12:32 Double-Bit Axe
12:30 Horse Collar
15:34 Castle Age
14:36 Loom
16:36 Bow Saw
16:31 Heavy Plow
22:52 Wheelbarrow
23:35 Town Watch
28:53 Stone Mining
29:02 Gold Mining
30:40 Stone Shaft Mining
30:45 Gold Shaft Mining
33:00 Imperial Age
30:45 Masonry
30:56 Scale Mail Armor
31:21 Fortified Wall
32:20 Chain Mail Armor
33:14 Forging
32:48 Man-at-Arms
33:14 Gambesons
33:08 Elite Woad Raider
34:22 Plate Mail Armor
35:13 Iron Casting
36:26 Conscription
37:20 Blast Furnace
39:01 Siege Engineers
39:58 Chemistry
40:01 Blast Furnace
38:51 Fletching
RaldricDarko
10:30 Feudal Age
9:03 Loom
14:12 Castle Age
14:15 Double-Bit Axe
20:41 Bow Saw
24:25 Wheelbarrow
24:29 Town Watch
25:36 Hand Cart
26:21 Gold Mining
26:21 Stone Mining
26:36 Horse Collar
30:27 Imperial Age
28:07 Scale Mail Armor
28:27 Heavy Plow
29:22 Chain Mail Armor
28:30 Man-at-Arms
29:11 Squires
30:25 Forging
29:48 Long Swordsman
31:26 Gold Shaft Mining
30:36 Legionary
31:52 Iron Casting
30:41 Capped Ram
32:12 Crop Rotation
32:51 Comitatenses
32:52 Conscription
34:01 Blast Furnace
33:57 Siege Engineers
34:59 Siege Ram
38:09 Chemistry
37:01 Fletching
38:01 Coinage
39:01 Scale Barding Armor
40:34 Elite Centurion
41:36 Chain Barding Armor
Connection lost

Rejoining the realm…

Still unreachable

The connection could not be restored.

Session expired

The server has moved on; the page needs a fresh start.